 Dungeon Crawl Stone Soup version 0.19.1-1-g22dce08 (webtiles) character file.

57 JeffiDaFish the Shield-Bearer (level 4, 0/29 HPs)
             Began as a Gargoyle Fighter on Jan 8, 2017.
             Slain by a gnoll
             ... wielding a +0 halberd
              (2 damage)
             ... on level 2 of the Dungeon.
             The game lasted 00:02:14 (834 turns).

JeffiDaFish the Shield-Bearer (Gargoyle Fighter)     Turns: 834, Time: 00:02:15

Health: 0/29       AC: 10    Str: 19 (20) XL:     4   Next: 0%
Magic:  4/4        EV:  7    Int:  8      God:
Gold:   81         SH: 14    Dex:  8 (10) Spells: 0 memorised, 3 levels left

rFire  . . .     SeeInvis .     a - +0 flail
rCold  . . .     Gourm    .     b - +0 scale mail
rNeg   + . .     Faith    .     c - +0 shield
rPois  ∞         Spirit   .     (helmet restricted)
rElec  +         Reflect  +     (no cloak)
rCorr  .         Harm     .     m - -1 pair of gloves (curse)
MR     .....                    (no boots)
Stlth  ..........               l - +5 amulet of reflection
                                (no ring)
                                n - ring of loudness (curse)

@: no status effects
A: horns 1, negative energy resistance 1, electricity resistance, unbreathing,
petrification resistance, rot immunity, AC +3
a: no special abilities


You were on level 2 of the Dungeon.
You were not hungry.

You visited 1 branch of the dungeon, and saw 2 of its levels.

You collected 81 gold pieces.

Inventory:

Hand Weapons
 a - a +0 flail (weapon)
Armour
 b - a +0 scale mail (worn)
 c - a +0 shield (worn)
 j - a +1 helmet
 m - a cursed -1 pair of gloves (worn)
Jewellery
 l - a +5 amulet of reflection (around neck)
 n - a cursed ring of loudness (left hand)
Scrolls
 e - 2 scrolls of magic mapping
 h - a scroll of fog
Potions
 d - a potion of might
 k - a potion of flight
Comestibles
 f - a bread ration
 g - 8 chunks of flesh
 i - 2 meat rations
 o - a beef jerky


   Skills:
 + Level 3.7 Fighting
 + Level 2.6 Maces & Flails
 + Level 3.5 Armour
 + Level 0.1 Dodging
 + Level 4.1 Shields


You had 3 spell levels left.
You didn't know any spells.

Dungeon Overview and Level Annotations

Branches:
Dungeon (2/15)

Altars:


Innate Abilities, Weirdness & Mutations

You are resistant to torment.
Your stone body is resilient. (AC +3)
You are immune to poison.
You resist negative energy. (rN+)
You are resistant to electric shocks. (rElec)
You can survive without breathing.
You are immune to petrification.
You are immune to rotting.
You have a pair of small horns on your head.


Message History

You block the gnoll's attack.
You hit the gnoll.
You kill the gnoll!
You feel your strength returning.
You have reached level 4!
You feel stronger. You block the gnoll's attack. The gnoll barely misses you.
You see here a club.
Your shield and scale mail prevent you from hitting the gnoll.
You block the gnoll's attack. x2
You sock the gnoll!
The gnoll is heavily wounded.
You block the gnoll's attack.
You closely miss the gnoll.
The gnoll is heavily wounded.
You block the gnoll's attack.
You closely miss the gnoll.
The gnoll is heavily wounded.
The gnoll hits you with a halberd.
You die...

#### #... ...
..... ... .....
###.. ......
##.... ###
......###..#..
###..
.......)..##.#
#...###
#>g@...#.#
#.#....
######.#.####...#
#.........#
####.###...####
#....###......#
#.!..##).####.##
.....#[...# #..#
#....#.##.# ##.#
#......#..# #.#


You could see a gnoll.

Vanquished Creatures
  2 gnolls (D:2)
  A dart slug (D:1)
  4 bats
  A giant cockroach (D:1)
  4 goblins (D:1)
  6 hobgoblins
  4 jackals (D:2)
  A ball python (D:2)
  2 frilled lizards (D:2)
  4 kobolds
  3 rats (D:1)
32 creatures vanquished.

Notes
Turn   | Place    | Note
-------+----------+-------------------------------------------
     0 | D:1      | JeffiDaFish the Gargoyle Fighter began the quest for the Orb.
     0 | D:1      | Reached XP level 1. HP: 14/14 MP: 1/1
     2 | D:1      | Noticed a merfolk
     4 | D:1      | Noticed a human
     4 | D:1      | Noticed a dwarf
     6 | D:1      | Noticed a troll
     6 | D:1      | Noticed an octopode
     8 | D:1      | Noticed a demigod
     8 | D:1      | Noticed a felid
    10 | D:1      | Noticed an ogre
    12 | D:1      | Noticed a ghoul
    12 | D:1      | Noticed a vampire
    14 | D:1      | Noticed a gargoyle
    14 | D:1      | Noticed a demonspawn
    16 | D:1      | Noticed a spriggan
    16 | D:1      | Noticed a vine stalker
    18 | D:1      | Noticed a tengu
    18 | D:1      | Noticed a draconian
    20 | D:1      | Noticed an elf
    22 | D:1      | Noticed a minotaur
    22 | D:1      | Noticed a halfling
    24 | D:1      | Noticed a centaur
    24 | D:1      | Noticed a naga
    26 | D:1      | Noticed a formicid
   147 | D:1      | Reached XP level 2. HP: 19/19 MP: 2/2
   563 | D:1      | Reached XP level 3. HP: 23/23 MP: 3/3
   717 | D:2      | Gained mutation: You have a pair of small horns on your head. [potion of beneficial mutation]
   825 | D:2      | Reached skill level 4 in Shields
   828 | D:2      | HP: 1/24 [gnoll/halberd (4)]
   829 | D:2      | Reached XP level 4. HP: 2/29 MP: 4/4
   834 | D:2      | Slain by a gnoll

Skill      XL: |  1  2  3 |
---------------+----------+-----
Shields        | 4 |  4.1
Fighting       | |  3.7
Maces & Flails | |  2.6
Armour         | |  3.5
Dodging        | |  0.1

Action                   |  1- 3 |  4- 6 || total
-------------------------+-------+-------++-------
Melee: Flail             |   117 |     4 ||   121
       Headbutt          |     4 |       ||     4
  Use: Scroll            |     5 |       ||     5
       Potion            |     6 |       ||     6
Armor: Scale mail        |    69 |       ||    69
Dodge: Dodged            |    38 |     1 ||    39
Block: Shield            |   106 |     5 ||   111
       Reflection        |     3 |       ||     3
